AoeStats
← Peng

Arabia

510435080Analyzed
1v1 RM · 16h ago on Oct 1, 2026· 25m 45s· 2 players
Game mode
Random Map
Map size
Tiny (2 player)
Population
200
Speed
Normal
Resources
Standard
Victory
Conquest
Starting age
Dark Age
Ending age
Imperial Age
RankedLock teamsTeams togetherTeam positionsShared explorationLock speedFull tech treeHidden civsTurbo modeCheats
Victory
Defeat
🇨🇴 Tatars · Colombia
1116
+16
🇺🇸 Magyars · United States
1124
-16
DS_OR1G1N
9:15 Feudal Age
7:32 Loom
10:04 Double-Bit Axe
19:47 Castle Age
18:01 Horse Collar
18:13 Gold Mining
19:10 Fletching
20:20 Bloodlines
20:32 Bodkin Arrow
21:32 Husbandry
23:11 Padded Archer Armor
23:50 Wheelbarrow
23:50 Ballistics
Peng
9:47 Feudal Age
10:17 Horse Collar
11:27 Double-Bit Axe
13:53 Loom
18:42 Wheelbarrow
21:29 Castle Age
20:59 Fletching
22:25 Bodkin Arrow
24:41 Scale Barding Armor
Connection lost

Rejoining the realm…

Still unreachable

The connection could not be restored.

Session expired

The server has moved on; the page needs a fresh start.